 Dungeon Crawl Stone Soup version 0.17.0-28-g6e173f8 (webtiles) character file.

92 R18 the Stinger (level 4, -4/54 HPs)
             Began as a Naga Wanderer on Dec 3, 2015.
             Slain by Crazy Yiuf
             ... wielding a +4 quarterstaff of chaos
              (13 damage)
             ... on level 3 of the Dungeon.
             The game lasted 00:05:48 (1858 turns).

R18 the Stinger (Naga Wanderer)                     Turns: 1858, Time: 00:05:48

Health: -4/54      AC:  5    Str: 18    XL:     4   Next: 60%
Magic:  1/8        EV:  9    Int: 14    God:
Gold:   161        SH:  0    Dex: 13    Spells: 2 memorised, 6 levels left

rFire  . . .     SeeInvis +     b - 175 stones
rCold  . . .     Clarity  .     d - +0 robe
rNeg   . . .     SustAt   .     (no shield)
rPois  +         Gourm    .     (no helmet)
rElec  .         Spirit   .     (no cloak)
rCorr  .         Warding  .     x - +0 pair of gloves
rMut   .         Stasis   .     (no barding)
MR     .....                    (no amulet)
Stlth  ..........               (no ring)
                                g - +2 ring of strength

@: berserking, lethally poisoned (-4 -> -5), stone skin, slowed, very slow, not
resistant to hostile enchantments, extremely unstealthy
A: see invisible, deformed body, poison resistance, slowness 2, slow metabolism
1, spit poison 2, AC +1
a: Spit Poison


You were on level 3 of the Dungeon.
You were hungry.

You visited 1 branch of the dungeon, and saw 3 of its levels.

You collected 161 gold pieces.

Inventory:

Hand Weapons
 a - a +0 spear
 l - a +0 dagger
Missiles
 b - 175 stones (in hand)
Armour
 d - a +0 robe (worn)
 x - a +0 pair of gloves (worn)
Jewellery
 g - a +2 ring of strength (left hand)
 t - an uncursed ring of ice {unknown}
Scrolls
 h - a scroll of amnesia {unknown}
 k - 2 scrolls of teleportation {unknown}
 m - a scroll of recharging {unknown}
 o - 2 scrolls of identify
 p - 2 scrolls of remove curse {unknown}
 r - a scroll of noise {unknown}
 u - a scroll of random uselessness {unknown}
 w - a scroll of fog {unknown}
Potions
 c - a potion of curing
 j - a potion of lignification {unknown}
 q - 2 potions of poison {unknown}
 s - a potion of might {unknown}
 v - a potion of ambrosia {unknown}
Books
 e - a book of Geomancy

   Spells                             Type                      Level
   a - Sandblast                      Earth                        1
   b - Stoneskin                      Transmutation/Earth          2
   c - Passwall                       Transmutation/Earth          3
   d - Stone Arrow                    Conjuration/Earth            3
   e - Petrify                        Transmutation/Earth          4
   f - Lee's Rapid Deconstruction     Earth                        5
 i - the Handbook of Heat

   Spells                             Type                      Level
   a - Flame Tongue                   Conjuration/Fire             1
   b - Inner Flame                    Hexes/Fire                   3
Comestibles
 f - 3 bread rations
 n - a slice of pizza


   Skills:
 - Level 1.5 Stealth
 * Level 3.2 Spellcasting
   Level 1.0 Translocations
 + Level 3.8 Earth Magic
   Level 4.0 Poison Magic
   Level 1.0 Evocations


You had 6 spell levels left.
You knew the following spells:

 Your Spells              Type           Power        Failure   Level  Hunger
a - Sandblast             Erth           ##....       4%          1    #......
b - Stoneskin             Trmt/Erth      #.......     17%         2    ##.....


Dungeon Overview and Level Annotations

Branches:
Dungeon (3/15)

Altars:
Qazlal

Annotations:
D:3 Crazy Yiuf


Innate Abilities, Weirdness & Mutations

You cannot wear boots.
Your serpentine skin is tough (AC +1).
You have supernaturally acute eyesight.
Armour fits poorly on your strangely shaped body.
Your system is resistant to poisons.
You cover ground very slowly.
You have a slow metabolism.
You can spit poison.


Message History

Casting: Sandblast
Confirm with . or Enter, or press ? or * to list all spells.
Aiming: Sandblast
Press: ? - help, Shift-Dir - straight line, f/p - Crazy Yiuf
Aim: Crazy Yiuf, wielding a quarterstaff of chaos and wearing a cloak (almost dead)
The rocky blast hits Crazy Yiuf.
Crazy Yiuf is almost dead.
You feel sick.
Crazy Yiuf hits you with a quarterstaff of chaos.
* * * LOW HITPOINT WARNING * * *
A red film seems to cover your vision as you go berserk!
You feel yourself moving faster!
You feel mighty!
You are too berserk!
Unknown command.
Really attack while wielding your 175 stones?
You closely miss Crazy Yiuf.
Crazy Yiuf is almost dead.
You feel sick.
Crazy Yiuf hits you with a quarterstaff of chaos!
You die...

.##.# # .##.####### # ..........#
## ####......# #. ...+......# #.
####.†....# #.
...####'########################.
...>..†....................... ##
....#.######....@..###......####.
...........+....g..+........+....
###.#########....#####......#####
# #.# #....# ###......# #
#.###### ♣P.P.♣ #...###### #
#......# ♣♣PP.♣ #...# # ########
♣♣.♣♣ #...###### ♣♣.♣ #........#
### ♣.♣♣ #........# #..


You could see Crazy Yiuf.

Vanquished Creatures
  4 adders
  2 worms (D:2)
  An orc (D:3)
  10 goblins
  3 hobgoblins (D:1)
  3 jackals (D:1)
  A quokka (D:2)
  7 bats
  5 giant newts
  5 kobolds
  8 rats
49 creatures vanquished.

Notes
Turn   | Place    | Note
--------------------------------------------------------------
     0 | D:1      | R18 the Naga Wanderer began the quest for the Orb.
     0 | D:1      | R18 set off with: a book of Geomancy, the Handbook of Heat, a potion of curing, a +0 robe, a +0 dagger, a bread ration
     0 | D:1      | Reached XP level 1. HP: 15/15 MP: 2/2
     0 | D:1      | Identified the Handbook of Heat
     2 | D:1      | Learned a level 1 spell: Sandblast
   315 | D:1      | Reached XP level 2. HP: 5/22 MP: 0/4
   597 | D:1      | Reached XP level 3. HP: 28/28 MP: 4/6
  1148 | D:2      | Reached XP level 4. HP: 36/36 MP: 3/8
  1192 | D:2      | Learned a level 2 spell: Stoneskin
  1689 | D:3      | Found a stormy altar of Qazlal.
  1849 | D:3      | Noticed Crazy Yiuf
  1858 | D:3      | Slain by Crazy Yiuf

Action                   |  1- 3 |  4- 6 || total
-------------------------+-------+-------++-------
Melee: Dagger            |     8 |       ||     8
       Spear             |    41 |    37 ||    78
 Cast: Sandblast         |    24 |    12 ||    36
       Stoneskin         |       |     1 ||     1
 Abil: Spit Poison       |    15 |     4 ||    19
  Use: Scroll            |     1 |       ||     1
       Potion            |     1 |       ||     1
 Stab: Sleeping          |     2 |     2 ||     4
  Eat: Chunk             |     1 |     2 ||     3
